[Event "Titled Tuesday Blitz March 07 Late 2023"]
[White "Hambleton, Aman"]
[Black "Hajiyev, Kanan"]
[WhiteFideId "2606577"]
[BlackFideId "13404148"]
[WhiteElo "2511"]
[BlackElo "2103"]
[Result "1-0"]
[Round "01"]
[TimeControl "180+2"]
[Date "2023.03.07"]
[WhiteClock "0:00:21"]
[BlackClock "0:00:06"]

1. d4 Nf6 2. Bf4 d5 3. e3 c5 4. c3 cxd4 5. exd4 Nc6 6. Bd3 Bg4 7. Qb3 Qd7 8. h3 Bh5 9. Nd2 e6 10. Ngf3 Bd6 11. Bxd6 Qxd6 12. O-O O-O 13. Rfe1 Qc7 14. a4 Rac8 15. Ne5 Nxe5 16. Rxe5 Bg6 17. Bxg6 hxg6 18. g3 a6 19. a5 Rb8 20. Re3 Rfc8 21. Kg2 b5 22. axb6 Rxb6 23. Qa3 Rcb8 24. b4 Rc6 25. Rc1 a5 26. bxa5 Ra8 27. Ra1 Ne4 28. Nxe4 dxe4 29. a6 Qb6 30. Rxe4 Rxa6 31. Qxa6 Qxa6 32. Rxa6 Rxa6 33. Re2 Kf8 34. Kf3 Ke7 35. h4 Kd6 36. Ke4 f6 37. Rb2 Ra1 38. Rb7 Re1+ 39. Kd3 Rd1+ 40. Ke2 Rc1 41. Kd2 Rf1 42. Rxg7 Rxf2+ 43. Ke3 Rc2 44. Kd3 Rh2 45. Rxg6 f5 46. c4 Rh1 47. d5 f4 48. Rxe6+ Kd7 49. gxf4 Rh3+ 50. Ke4 Rxh4 51. c5 Rh1 52. Ra6 Re1+ 53. Kf5 Rd1 54. Ra7+ Ke8 55. Ke6 Re1+ 56. Kd6 Rf1 57. c6 Rxf4 58. Ra8+ Kf7 59. c7 Rc4 60. c8=Q Rxc8 61. Rxc8 1-0


[Site "https://www.chess.com"]

[Event "Titled Tuesday Blitz March 07 Late 2023"]
[White "Peatman, Carter"]
[Black "Golubka, Petro"]
[WhiteFideId "2096480"]
[BlackFideId "14114224"]
[WhiteElo "2003"]
[BlackElo "2391"]
[Result "1/2-1/2"]
[Round "01"]
[TimeControl "180+2"]
[Date "2023.03.07"]
[WhiteClock "0:00:45"]
[BlackClock "0:00:48"]

1. d4 d5 2. Bf4 h6 3. Nf3 Nc6 4. e3 Bg4 5. h3 Bxf3 6. Qxf3 a6 7. a3 Nf6 8. c4 e6 9. Nc3 Qd7 10. c5 Be7 11. Bd3 O-O 12. O-O Nd8 13. b4 Nc6 14. Rfb1 Rfc8 15. a4 a5 16. b5 Nb4 17. Qe2 b6 18. c6 Qd8 19. Na2 Nxd3 20. Qxd3 Bd6 21. Nc3 Bxf4 22. exf4 Qd6 23. g3 h5 24. h4 Rd8 25. Kg2 g6 26. Ne2 Ng4 27. Ng1 Kg7 28. Nf3 Re8 29. Ne5 Nxe5 30. fxe5 Qe7 31. f4 Rh8 32. Qa3 Qxa3 33. Rxa3 Rae8 34. Re3 Rh6 35. Rbe1 Reh8 36. Kf2 Kf8 37. Kf3 Ke7 1/2-1/2


[Site "https://www.chess.com"]

[Event "Titled Tuesday Blitz March 07 Late 2023"]
[White "Pulpan, Jakub"]
[Black "Ramirez Vido, Robert Yorisan"]
[WhiteFideId "302759"]
[BlackFideId "3513823"]
[WhiteElo "2484"]
[BlackElo "2413"]
[Result "1-0"]
[Round "01"]
[TimeControl "180+2"]
[Date "2023.03.07"]
[WhiteClock "0:00:28"]
[BlackClock "0:00:04"]

1. Nf3 Nf6 2. b3 g6 3. Bb2 Bg7 4. g3 O-O 5. Bg2 c5 6. c4 Nc6 7. O-O d6 8. d4 cxd4 9. Nxd4 Nxd4 10. Qxd4 Ne8 11. Qd2 Bxb2 12. Qxb2 Qb6 13. Nc3 Be6 14. Rfd1 Nf6 15. Rd3 Bf5 16. Rd2 Rfc8 17. Rad1 Rc7 18. Nb5 Rcc8 19. Nxd6 Rc5 20. Nxb7 Rc7 21. Nd6 Rb8 22. Nxf5 gxf5 23. Qe5 Qxf2+ 24. Kxf2 Ng4+ 25. Kg1 Nxe5 26. Rd5 f6 27. Rd8+ Rxd8 28. Rxd8+ Kf7 29. h3 Rd7 30. Ra8 Ng6 31. Bc6 Rc7 32. Bf3 f4 33. Bh5 fxg3 34. Bxg6+ hxg6 35. Kg2 Ke6 36. Kxg3 Kd6 37. Kf3 Kc5 38. Rb8 Kd4 39. Rb5 e6 40. Ra5 f5 41. Ra6 Re7 42. Rd6+ Kc5 43. Ra6 e5 44. Ke3 g5 45. Rg6 Kb4 46. Rxg5 Rh7 47. Rxf5 Rxh3+ 48. Kd2 Ka3 49. Rxe5 Kxa2 50. Re3 1-0


[Site "https://www.chess.com"]

[Event "Titled Tuesday Blitz March 07 Late 2023"]
[White "Backsten, Jan"]
[Black "Iskusnyh, Sergei"]
[WhiteFideId "1735381"]
[BlackFideId "4120027"]
[WhiteElo "1939"]
[BlackElo "2492"]
[Result "1/2-1/2"]
[Round "01"]
[TimeControl "180+2"]
[Date "2023.03.07"]
[WhiteClock "0:00:50"]
[BlackClock "0:00:06"]

1. e4 e6 2. d4 d5 3. Nc3 Nf6 4. Bg5 dxe4 5. Nxe4 Nbd7 6. Nxf6+ Nxf6 7. c3 c5 8. Bb5+ Bd7 9. Bxf6 gxf6 10. Bxd7+ Qxd7 11. dxc5 Bxc5 12. Qxd7+ Kxd7 13. Nf3 Ke7 14. Ke2 Rad8 15. Rad1 Rhg8 16. g3 a6 17. h3 h5 18. Nh4 b5 19. a3 f5 20. Ng2 e5 21. Ne3 Ke6 22. Kf3 h4 23. g4 Bxe3 24. fxe3 fxg4+ 25. hxg4 Rxd1 26. Rxd1 f5 27. Rg1 Kf6 28. e4 fxg4+ 29. Rxg4 Rh8 30. Kg2 Rd8 31. Rxh4 Rd2+ 32. Kf3 Rxb2 33. Rh6+ Kg5 34. Rxa6 Rb3 35. Ra5 Rxc3+ 36. Ke2 Rb3 37. a4 bxa4 38. Rxe5+ Kf4 39. Ra5 a3 40. Kd2 Kxe4 41. Kc2 Rh3 42. Kb1 Kd4 43. Ka2 Kc4 44. Rxa3 Rh2+ 45. Kb1 Rh1+ 46. Kc2 Rh2+ 47. Kd1 Rh1+ 48. Ke2 Rb1 49. Ra4+ Rb4 50. Ra8 Rb2+ 51. Ke3 Rb3+ 52. Ke4 Kc3 53. Rc8+ Kb2 54. Rh8 Rb4+ 55. Kd3 Rb3+ 56. Kc4 Rb7 57. Kd4 Rd7+ 58. Ke5 Re7+ 59. Kd6 Re2 60. Rb8+ Kc2 61. Rh8 Kd1 62. Rh3 Rd2+ 63. Ke6 Re2+ 64. Kf5 Rf2+ 65. Kg4 Ra2 66. Kh5 Ra8 67. Kg4 Rf8 68. Rh1+ Ke2 69. Rh2+ Kf1 70. Ra2 Ke1 71. Ra1+ Kd2 72. Ra2+ Kc3 73. Ra7 Kd4 74. Rc7 Kd5 75. Rd7+ Ke6 76. Rd2 Ke5 77. Re2+ Kd4 78. Rg2 Rg8+ 79. Kh3 Rxg2 80. Kxg2 1/2-1/2


[Site "https://www.chess.com"]

[Event "Titled Tuesday Blitz March 07 Late 2023"]
[White "Fernandez Guillen, Ernesto J."]
[Black "Gatterer, Florian"]
[WhiteFideId "3512428"]
[BlackFideId "811688"]
[WhiteElo "2423"]
[BlackElo "2221"]
[Result "1-0"]
[Round "01"]
[TimeControl "180+2"]
[Date "2023.03.07"]
[WhiteClock "0:01:14"]
[BlackClock "0:00:01"]

1. e4 c6 2. d4 d5 3. e5 Bf5 4. c3 e6 5. Bd3 Bxd3 6. Qxd3 c5 7. Ne2 Nc6 8. O-O Nge7 9. Nd2 Nf5 10. Nf3 cxd4 11. cxd4 Be7 12. g4 Nh4 13. Nxh4 Bxh4 14. f4 O-O 15. g5 h6 16. gxh6 gxh6 17. f5 Bg5 18. f6 Bxc1 19. Raxc1 Kh8 20. Qh3 Kh7 21. Qd3+ Kh8 22. Kh1 Rg8 23. Rg1 Qb6 24. Qh3 Kh7 25. Qh5 Qc7 26. Nf4 Qd7 27. Nh3 Nxd4 28. Ng5+ Rxg5 29. Rxg5 Nf5 30. Rcg1 d4 31. Rxf5 Qc6+ 32. Rf3 d3 33. Qxf7+ 1-0


[Site "https://www.chess.com"]

[Event "Titled Tuesday Blitz March 07 Late 2023"]
[White "Needleman, Gaston"]
[Black "Bilych, Olexiy"]
[WhiteFideId "113735"]
[BlackFideId "14156504"]
[WhiteElo "2407"]
[BlackElo "2320"]
[Result "0-1"]
[Round "01"]
[TimeControl "180+2"]
[Date "2023.03.07"]
[WhiteClock "0:00:09"]
[BlackClock "0:01:04"]

1. d4 Nf6 2. Nf3 d5 3. Bf4 c5 4. e3 Nc6 5. c3 Qb6 6. Qb3 c4 7. Qxb6 axb6 8. Na3 Ra5 9. Nc2 Bf5 10. Nb4 e6 11. Nxc6 bxc6 12. a3 Be7 13. h3 h6 14. g4 Bh7 15. Bg2 Bd3 16. Ne5 c5 17. Nc6 Ra4 18. Nxe7 Kxe7 19. Bc7 Nd7 20. dxc5 bxc5 21. Bg3 Rha8 22. Kd2 R8a6 23. Bf1 Be4 24. Rh2 Rb6 25. Kc1 e5 26. f4 f6 27. Bg2 Bxg2 28. Rxg2 Ke6 29. f5+ Ke7 30. Rd2 Rd6 31. Kc2 Nb6 32. Rad1 Ra8 33. e4 d4 34. cxd4 cxd4 35. Bf2 Na4 36. Kb1 Rb6 37. Rc2 Rab8 38. Rdd2 c3 39. Re2 Nxb2 40. Kc1 Nd3+ 41. Kd1 Rb1+ 42. Rc1 Rxc1# 0-1


[Site "https://www.chess.com"]

[Event "Titled Tuesday Blitz March 07 Late 2023"]
[White "Nasuta, Grzegorz"]
[Black "Miszler, Levente"]
[WhiteFideId "1141686"]
[BlackFideId "763276"]
[WhiteElo "2449"]
[BlackElo "2176"]
[Result "1-0"]
[Round "01"]
[TimeControl "180+2"]
[Date "2023.03.07"]
[WhiteClock "0:00:39"]
[BlackClock "0:01:04"]

1. e4 e6 2. d4 d5 3. Nc3 Bb4 4. exd5 exd5 5. Bd3 Nf6 6. Ne2 O-O 7. O-O h6 8. Ng3 Nc6 9. Nce2 Re8 10. c3 Bd6 11. Bf4 Bg4 12. f3 Bxf4 13. Nxf4 Bd7 14. Qd2 Ne7 15. Rae1 c6 16. Re5 Qc7 17. Rfe1 Kf8 18. Nfh5 Nxh5 19. Nxh5 Ng6 20. Bxg6 fxg6 21. Nf4 Qd6 22. Nd3 Bf5 23. Rxe8+ Rxe8 24. Ne5 c5 25. Qf4 Qf6 26. g4 Bc8 27. Nxg6+ Kf7 28. Qxf6+ gxf6 29. Rxe8 Kxe8 30. dxc5 Kd7 31. Kf2 Kc6 32. Ne7+ 1-0


[Site "https://www.chess.com"]

[Event "Titled Tuesday Blitz March 07 Late 2023"]
[White "Bouget, Alexandre"]
[Black "Bitoon, Richard"]
[WhiteFideId "681318"]
[BlackFideId "5201110"]
[WhiteElo "2177"]
[BlackElo "2374"]
[Result "0-1"]
[Round "01"]
[TimeControl "180+2"]
[Date "2023.03.07"]
[WhiteClock "0:00:06"]
[BlackClock "0:01:00"]

1. d4 Nf6 2. c4 g6 3. Nc3 Bg7 4. e4 O-O 5. Be2 d6 6. Nf3 e5 7. O-O Nc6 8. d5 Ne7 9. Ne1 Nd7 10. Be3 f5 11. f3 f4 12. Bf2 g5 13. Rc1 Rf6 14. c5 a6 15. cxd6 cxd6 16. Kh1 Rh6 17. Bg1 Nf6 18. Na4 Nh5 19. Bb6 Qe8 20. Kg1 Ng3 21. Rc7 Qh5 22. Rxe7 Nh1 23. h3 Bxh3 24. Rf2 Ng3 25. Bf1 Bxg2 26. Rxg7+ Kxg7 27. Nxg2 Qh2# 0-1


[Site "https://www.chess.com"]

[Event "Titled Tuesday Blitz March 07 Late 2023"]
[White "Mirzoev, Azer"]
[Black "Dodaro, Mattia"]
[WhiteFideId "13400304"]
[BlackFideId "28583400"]
[WhiteElo "2525"]
[BlackElo "2404"]
[Result "1-0"]
[Round "01"]
[TimeControl "180+2"]
[Date "2023.03.07"]
[WhiteClock "0:00:16"]
[BlackClock "0:00:06"]

1. c4 g6 2. Nc3 Bg7 3. Nf3 d6 4. d4 Nd7 5. Bg5 Ngf6 6. e3 O-O 7. Be2 b6 8. O-O Bb7 9. h3 h6 10. Bh4 Ne4 11. Nxe4 Bxe4 12. Rc1 c5 13. b3 Rc8 14. Qd2 cxd4 15. Nxd4 Ne5 16. Rfd1 Nc6 17. Nb5 a6 18. Nc3 Bf5 19. Nd5 Be6 20. e4 Bxd5 21. cxd5 Nd4 22. Bxa6 Ra8 23. Bf1 Qd7 24. Rc4 e5 25. dxe6 Nxe6 26. Bg3 Rfd8 27. Rcc1 Qb7 28. Bc4 Qxe4 29. Bd5 Qf5 30. Bxa8 Rxa8 31. Qc2 Qb5 32. a4 Qh5 33. Qe4 Re8 34. Rxd6 Kh7 35. Qd5 g5 36. Rd7 Nd4 37. Kh2 Re6 38. Rcc7 Qd1 39. Rxf7 Rg6 40. Rxg7+ Rxg7 41. Rxg7+ Kxg7 42. Be5+ Kg6 43. Qxd4 Qe2 44. Qd5 Qxf2 45. Bg3 Qc2 46. Qc4 Qe2 47. Qxe2 Kf5 48. Qf3+ Ke6 49. Qc6+ Kf5 50. Qxb6 Ke4 51. Qb5 Ke3 52. Qb6+ Kd2 53. Qxh6 Kc2 54. Qg6+ Kb2 55. Qxg5 Ka3 56. h4 1-0


[Site "https://www.chess.com"]

[Event "Titled Tuesday Blitz March 07 Late 2023"]
[White "Meunier-Pion, Jean"]
[Black "Grover, Sahaj"]
[WhiteFideId "20685327"]
[BlackFideId "5021103"]
[WhiteElo "2124"]
[BlackElo "2432"]
[Result "0-1"]
[Round "01"]
[TimeControl "180+2"]
[Date "2023.03.07"]
[WhiteClock "0:00:09"]
[BlackClock "0:00:29"]

1. e4 c5 2. Nf3 d6 3. d4 cxd4 4. Nxd4 Nf6 5. Nc3 Nc6 6. Bg5 e6 7. Qd2 a6 8. O-O-O Bd7 9. Bxf6 Qxf6 10. Nxc6 Bxc6 11. f4 Be7 12. g4 g5 13. f5 h5 14. Be2 h4 15. Rhe1 Qe5 16. Bc4 O-O-O 17. Nd5 Bf6 18. c3 Kb8 19. Qf2 Ba4 20. b3 exd5 21. Rxd5 Qxc3+ 22. Kd1 Qxc4 23. Ra5 Bc3 24. Rxa4 Qd3+ 25. Kc1 Bxe1 26. Qxe1 Rc8+ 27. Kb2 Rc2+ 28. Ka3 Qd2 29. Qg1 Rxa2# 0-1


[Site "https://www.chess.com"]

[Event "Titled Tuesday Blitz March 07 Late 2023"]
[White "Larino Nieto, David"]
[Black "Vaglio Munoz, Jaime"]
[WhiteFideId "2256444"]
[BlackFideId "6500145"]
[WhiteElo "2506"]
[BlackElo "2199"]
[Result "1-0"]
[Round "01"]
[TimeControl "180+2"]
[Date "2023.03.07"]
[WhiteClock "0:02:00"]
[BlackClock "0:00:02"]

1. e4 d6 2. Nc3 Nf6 3. g3 e5 4. Bg2 Be7 5. Nge2 O-O 6. O-O Re8 7. h3 Bf8 8. d4 c6 9. g4 Nbd7 10. f4 exd4 11. Nxd4 Nc5 12. Re1 d5 13. e5 Nfe4 14. Nxe4 Nxe4 15. c3 Qh4 16. Be3 h5 17. Nf5 Bxf5 18. gxf5 Bc5 19. Bxc5 Nxc5 20. Qd4 b6 21. Rad1 Rad8 22. Qf2 Qxf2+ 23. Kxf2 g6 24. f6 a5 25. h4 Kh7 26. Bf3 Na4 27. Rd2 b5 28. Rg1 Nb6 29. Rg5 Nc4 30. Re2 Kh6 31. b3 Nb6 32. f5 Rg8 33. e6 Rdf8 34. e7 1-0


[Site "https://www.chess.com"]

[Event "Titled Tuesday Blitz March 07 Late 2023"]
[White "Topalov, Aleksandar"]
[Black "Barbosa, Evandro Amorim"]
[WhiteFideId "925659"]
[BlackFideId "2115824"]
[WhiteElo "2151"]
[BlackElo "2439"]
[Result "0-1"]
[Round "01"]
[TimeControl "180+2"]
[Date "2023.03.07"]
[WhiteClock "0:00:54"]
[BlackClock "0:02:06"]

1. b3 d5 2. Bb2 c5 3. e3 a6 4. Nf3 Nc6 5. Be2 Nf6 6. O-O g6 7. c4 d4 8. exd4 cxd4 9. d3 Bg7 10. b4 Nh5 11. a3 O-O 12. Nbd2 Nf4 13. Re1 Bf5 14. Nf1 e5 15. Ng3 Nxe2+ 16. Qxe2 Be6 17. Ne4 f6 18. Nc5 Bc8 19. Rab1 b6 20. Ne4 Be6 21. Bc1 h6 22. b5 axb5 23. Rxb5 f5 24. Ng3 Re8 25. Nxe5 Nxe5 26. Rxe5 Bxe5 27. Qxe5 Bf7 0-1


[Site "https://www.chess.com"]

[Event "Titled Tuesday Blitz March 07 Late 2023"]
[White "Aldokhin, Ivan"]
[Black "Kielinkei"]
[WhiteFideId "24115720"]
[WhiteElo "2322"]
[BlackElo "2400"]
[Result "0-1"]
[Round "01"]
[TimeControl "180+2"]
[Date "2023.03.07"]
[WhiteClock "0:00:24"]
[BlackClock "0:01:17"]

1. e4 c5 2. Nf3 e6 3. d4 cxd4 4. Nxd4 Nc6 5. Nc3 Qc7 6. Nxc6 bxc6 7. Bd3 Nf6 8. Qe2 Be7 9. O-O O-O 10. f4 d5 11. Bd2 dxe4 12. Nxe4 c5 13. Nxf6+ Bxf6 14. Qe4 g6 15. Qxa8 Bb7 16. Qxa7 Ra8 17. Qxa8+ Bxa8 18. Rfe1 Bxb2 19. Rab1 Bd4+ 20. Kh1 h5 21. a4 h4 22. h3 g5 23. fxg5 Bxg2+ 0-1


[Site "https://www.chess.com"]

[Event "Titled Tuesday Blitz March 07 Late 2023"]
[White "Li, Hui"]
[Black "Weichhold, Pawel"]
[WhiteFideId "15400310"]
[BlackFideId "1139703"]
[WhiteElo "1967"]
[BlackElo "2330"]
[Result "0-1"]
[Round "01"]
[TimeControl "180+2"]
[Date "2023.03.07"]
[WhiteClock "0:00:01"]
[BlackClock "0:00:11"]

1. e4 c5 2. Nf3 Nc6 3. d4 cxd4 4. Nxd4 g6 5. Nc3 Bg7 6. Be3 Nf6 7. Bc4 O-O 8. Bb3 d6 9. f3 Bd7 10. Qd2 Rc8 11. O-O-O Nxd4 12. Bxd4 b5 13. Nd5 Nxd5 14. Bxg7 Kxg7 15. exd5 Kg8 16. h4 a5 17. a3 b4 18. axb4 axb4 19. Qxb4 Rb8 20. Qd4 Qa5 21. h5 Rb4 22. Qe3 Qa1+ 23. Kd2 Qxb2 24. hxg6 hxg6 25. Qh6 Qg7 26. Qxg7+ Kxg7 27. Rhe1 Kf6 28. Re3 Rb7 29. Rde1 Bb5 30. Rc3 Rh8 31. Rce3 Rh2 32. Rg1 g5 33. Ke1 Bd7 34. Kf2 Bf5 35. Kg3 Rh4 36. Rge1 Rd4 37. Kf2 Rdb4 38. R1e2 R4b5 39. Re1 Rc5 40. R1e2 Rbc7 41. g3 Bxc2 42. Bxc2 Rxc2 43. Rxe7 Rxe2+ 44. Rxe2 Rc5 45. Rd2 Ke5 46. Ke3 Rxd5 47. f4+ gxf4+ 48. gxf4+ Ke6 49. Rh2 Ra5 50. Rh6+ f6 51. Rh8 Ra4 52. Rd8 Ra3+ 53. Ke4 Ra4+ 54. Ke3 Ra6 55. Kf3 Kf5 56. Kg3 Ra3+ 57. Kg2 Rd3 58. Kf2 Kxf4 59. Ke2 Rd5 60. Rf8 Ke5 61. Ke3 Kf5 62. Kf3 Rd3+ 63. Ke2 Ra3 64. Rd8 Ra6 65. Ke3 Ke6 66. Ke4 Ra4+ 67. Ke3 f5 68. Re8+ Kd5 69. Rf8 Re4+ 70. Kf3 Ke5 71. Re8+ Kd4 72. Rf8 Re5 73. Kf4 Re1 74. Rd8 Rf1+ 75. Kg3 d5 76. Kg2 Re1 77. Kf2 Re7 78. Kf3 Kc4 79. Kf4 d4 80. Kxf5 d3 81. Kf4 Kc3 82. Kf3 d2 83. Rc8+ Kd3 84. Rd8+ Kc2 85. Rc8+ Kd1 86. Kf2 Re5 87. Rd8 Re7 0-1


[Site "https://www.chess.com"]

[Event "Titled Tuesday Blitz March 07 Late 2023"]
[White "Wieczorek, Oskar"]
[Black "Chan, Kim Yew"]
[WhiteFideId "1133950"]
[BlackFideId "5717981"]
[WhiteElo "2418"]
[BlackElo "2206"]
[Result "1-0"]
[Round "01"]
[TimeControl "180+2"]
[Date "2023.03.07"]
[WhiteClock "0:01:14"]
[BlackClock "0:00:01"]

1. e4 e5 2. Nf3 Nf6 3. Nc3 Nc6 4. h3 d5 5. exd5 Nxd5 6. Bb5 Nxc3 7. bxc3 Bd6 8. d4 exd4 9. cxd4 O-O 10. O-O Bf5 11. c4 Be4 12. Ng5 Bg6 13. Nf3 Be4 14. Bb2 a6 15. Ba4 Re8 16. d5 b5 17. cxb5 Bxf3 18. Qxf3 Ne5 19. Qc3 f6 20. bxa6 Rf8 21. Bb5 Qb8 22. a4 Qb6 23. Ba3 Rfd8 24. Rfc1 Bxa3 25. Qxa3 Rxd5 26. Qa2 Rd8 27. Rab1 Qa7 28. Rd1 Qc5 29. Rbc1 Qd6 30. Rxd5 Qxd5 31. Qxd5+ Rxd5 32. Rxc7 Rd8 33. a7 1-0


[Site "https://www.chess.com"]

[Event "Titled Tuesday Blitz March 07 Late 2023"]
[White "Davidson, Kevin"]
[Black "Korchmar, Vasiliy"]
[WhiteFideId "2056810"]
[BlackFideId "24131750"]
[WhiteElo "2151"]
[BlackElo "2370"]
[Result "0-1"]
[Round "01"]
[TimeControl "180+2"]
[Date "2023.03.07"]
[WhiteClock "0:00:03"]
[BlackClock "0:00:22"]

1. e4 c5 2. Nf3 d6 3. d4 cxd4 4. Nxd4 Nf6 5. Nc3 Nc6 6. Nd5 Nxd5 7. exd5 Qa5+ 8. Bd2 Qxd5 9. Nb5 Qe6+ 10. Be2 Qd7 11. c4 e6 12. Bf4 e5 13. Be3 Be7 14. O-O O-O 15. Qd2 Rd8 16. Rfd1 b6 17. Bf3 Bb7 18. Rac1 Rac8 19. Bd5 Bf8 20. f4 exf4 21. Bxf4 Ne5 22. Nxa7 Ra8 23. Nb5 Bxd5 24. Qxd5 Qg4 25. Bxe5 dxe5 26. Qxd8 Rxd8 27. Rxd8 g6 28. Nd6 Kg7 29. Ne8+ Kh6 30. Nf6 Qg5 31. Rf1 Bc5+ 32. Kh1 Bf2 33. Ng8+ Kg7 34. h3 Qxd8 0-1


[Site "https://www.chess.com"]

[Event "Titled Tuesday Blitz March 07 Late 2023"]
[White "Cardoso Cardoso, Jose Gabriel"]
[Black "Guzman Moneo, Alberto"]
[WhiteFideId "4430492"]
[BlackFideId "2209616"]
[WhiteElo "2496"]
[BlackElo "2157"]
[Result "1-0"]
[Round "01"]
[TimeControl "180+2"]
[Date "2023.03.07"]
[WhiteClock "0:00:46"]
[BlackClock "0:00:27"]

1. c4 e5 2. Nc3 Bb4 3. Nd5 a5 4. e3 Nf6 5. a3 Nxd5 6. cxd5 Bc5 7. Nf3 d6 8. d4 exd4 9. Nxd4 O-O 10. Nf3 Nd7 11. Be2 Re8 12. O-O Ne5 13. e4 Ng4 14. Qc2 Qe7 15. Bd3 Ne5 16. Nxe5 Qxe5 17. Bd2 a4 18. Kh1 Qe7 19. f4 f6 20. Rae1 Bd7 21. e5 fxe5 22. Bxh7+ Kh8 23. Bg6 Rf8 24. f5 Be8 25. Qd3 Bxg6 26. fxg6 Qd7 27. Qg3 Rf6 28. Qh4+ Kg8 29. Qh7+ Kf8 30. Rxf6+ 1-0


[Site "https://www.chess.com"]

[Event "Titled Tuesday Blitz March 07 Late 2023"]
[White "Federzoni, Enzo"]
[Black "Goltsev, Dmitry"]
[WhiteFideId "2173301"]
[BlackFideId "24176710"]
[WhiteElo "2039"]
[BlackElo "2336"]
[Result "0-1"]
[Round "01"]
[TimeControl "180+2"]
[Date "2023.03.07"]
[WhiteClock "0:00:07"]
[BlackClock "0:00:35"]

1. c4 Nf6 2. Nc3 g6 3. d4 Bg7 4. e4 d6 5. Nf3 O-O 6. Bd3 c5 7. Be2 Nc6 8. d5 Ne5 9. Nxe5 dxe5 10. O-O Ne8 11. Be3 b6 12. a3 f5 13. f3 Nd6 14. b4 Qc7 15. Kh1 cxb4 16. axb4 Nxc4 17. Qb3 Nd6 18. Rfc1 Qd8 19. b5 Bd7 20. Bd3 f4 21. Bf2 g5 22. Ra6 g4 23. Rca1 h5 24. Rxa7 Rxa7 25. Rxa7 Bf6 26. Bf1 h4 27. fxg4 Bxg4 28. h3 Bc8 29. Qd1 Kg7 30. Qh5 Rh8 31. Qf3 Kg6 32. Be2 Bd7 33. Ra6 Nc8 34. Qd3 Qc7 35. Ra8 Kg7 36. d6 Qxd6 37. Nd5 Bg5 38. Qf3 Qg6 39. Kh2 Qd6 40. Kh1 Be6 41. Qd3 Bf7 42. Bg4 e6 43. Nxf4 Bxf4 44. Qc3 Ne7 45. Ra7 Rc8 46. Qb2 Rc1+ 47. Bg1 Be3 0-1


[Site "https://www.chess.com"]

[Event "Titled Tuesday Blitz March 07 Late 2023"]
[White "Martynov, Pavel"]
[Black "sissahungrychess"]
[WhiteFideId "4101260"]
[WhiteElo "2314"]
[BlackElo "2389"]
[Result "1-0"]
[Round "01"]
[TimeControl "180+2"]
[Date "2023.03.07"]
[WhiteClock "0:00:55"]
[BlackClock "0:00:03"]

1. e4 c5 2. Nf3 d6 3. Bb5+ Nd7 4. O-O Nf6 5. Re1 e6 6. c3 Be7 7. d4 O-O 8. h3 a6 9. Bf1 b5 10. a4 Rb8 11. axb5 axb5 12. Bf4 Rb6 13. Nbd2 Bb7 14. e5 Nd5 15. Bg3 cxd4 16. exd6 Bxd6 17. Bxd6 Rxd6 18. Nxd4 b4 19. Nb5 Rb6 20. Ne4 bxc3 21. bxc3 N7f6 22. c4 Nxe4 23. Rxe4 Nf6 24. Rd4 Qb8 25. c5 Ra6 26. Rb1 Be4 27. Rb3 Bd5 28. Rg3 Qe5 29. f4 Qh5 30. Qd3 Rc6 31. Qc3 Rb8 32. Rb4 Qh6 33. Nd4 Rxb4 34. Qxb4 Rc8 35. Nb5 Ne4 36. Nd6 Qxf4 37. Rf3 Qe5 38. Nxc8 Ng5 39. Rf2 h5 40. Qf4 1-0


[Site "https://www.chess.com"]

[Event "Titled Tuesday Blitz March 07 Late 2023"]
[White "Senft, Sean"]
[Black "Matinian, Nikita"]
[WhiteFideId "2044960"]
[BlackFideId "24129100"]
[WhiteElo "1989"]
[BlackElo "2422"]
[Result "0-1"]
[Round "01"]
[TimeControl "180+2"]
[Date "2023.03.07"]
[WhiteClock "0:00:13"]
[BlackClock "0:01:03"]

1. e4 c5 2. Nc3 Nc6 3. f4 g6 4. Nf3 Bg7 5. Bc4 e6 6. O-O Nge7 7. d3 d5 8. Bb3 O-O 9. Qe1 Nd4 10. Nxd4 cxd4 11. Ne2 dxe4 12. dxe4 b6 13. Ng3 Ba6 14. Rf3 Qc7 15. Bd2 Rad8 16. Kh1 Rfe8 17. Rd1 Nc6 18. Bc1 Na5 19. Qd2 Nxb3 20. axb3 Rc8 21. Rf2 Red8 22. f5 exf5 23. exf5 d3 24. c3 Qe5 25. Re1 Qd5 26. f6 Bf8 27. c4 Qa5 28. Qxa5 bxa5 29. Bd2 a4 30. Ra1 Bc5 31. Rf4 Re8 32. Nf1 Re2 33. Rf3 Bb7 34. Rxd3 Bxg2# 0-1


[Site "https://www.chess.com"]

[Event "Titled Tuesday Blitz March 07 Late 2023"]
[White "Timmermans, Mark"]
[Black "Rego, Pedro Filipe"]
[WhiteFideId "1026399"]
[BlackFideId "1904310"]
[WhiteElo "2460"]
[BlackElo "2193"]
[Result "1-0"]
[Round "01"]
[TimeControl "180+2"]
[Date "2023.03.07"]
[WhiteClock "0:02:19"]
[BlackClock "0:01:36"]

1. e4 c5 2. Nf3 d6 3. d4 cxd4 4. Nxd4 Nf6 5. Nc3 Nc6 6. Nd5 e6 7. Nxf6+ Qxf6 8. Nb5 Qd8 9. Bf4 e5 10. Be3 a6 11. Nc3 Be6 12. Nd5 Bxd5 13. Qxd5 Be7 14. Bc4 O-O 15. O-O Qc7 16. c3 b5 17. Be2 Rac8 18. a4 bxa4 19. Bxa6 Rb8 20. Rxa4 Rxb2 21. Rc4 1-0


[Site "https://www.chess.com"]

[Event "Titled Tuesday Blitz March 07 Late 2023"]
[White "Jovic, Stanoje"]
[Black "Sai Krishna G V"]
[WhiteFideId "905020"]
[BlackFideId "5028280"]
[WhiteElo "2236"]
[BlackElo "2359"]
[Result "0-1"]
[Round "01"]
[TimeControl "180+2"]
[Date "2023.03.07"]
[WhiteClock "0:00:34"]
[BlackClock "0:00:54"]

1. c4 e5 2. g3 h5 3. h3 h4 4. g4 Bc5 5. Nc3 Nc6 6. Bg2 d6 7. d3 f5 8. gxf5 Bxf5 9. Nf3 Qd7 10. Bg5 Nge7 11. Bxh4 Ng6 12. Bg3 Bxh3 13. Bxh3 Rxh3 14. Rxh3 Qxh3 15. Kd2 O-O-O 16. Qh1 Qf5 17. Qh7 Nd4 18. Qxg7 Nxf3+ 19. exf3 Nf8 20. Qg4 Qd7 21. Qxd7+ Nxd7 22. Rh1 Rf8 23. Ke2 Bd4 24. Rh7 Bxc3 25. bxc3 Nc5 26. d4 exd4 27. cxd4 Ne6 28. d5 Ng5 29. Rg7 Re8+ 30. Kf1 Nxf3 31. c5 Nd2+ 32. Kg2 Ne4 33. cxd6 cxd6 34. f3 Nc3 35. Bxd6 Nxd5 36. f4 Re2+ 37. Kf3 Rxa2 38. Ke4 Nf6+ 39. Kf5 Ne8 40. Be5 Nxg7+ 41. Bxg7 Kd7 42. Kf6 Ke8 43. f5 b5 44. Ke6 Re2+ 45. Kd5 a5 0-1


[Site "https://www.chess.com"]

[Event "Titled Tuesday Blitz March 07 Late 2023"]
[White "Fus, Jakub"]
[Black "Van Dael, Siem"]
[WhiteFideId "1193023"]
[BlackFideId "1049771"]
[WhiteElo "2335"]
[BlackElo "2336"]
[Result "1-0"]
[Round "01"]
[TimeControl "180+2"]
[Date "2023.03.07"]
[WhiteClock "0:01:01"]
[BlackClock "0:00:49"]

1. e4 c5 2. Nf3 d6 3. Nc3 Nf6 4. d4 cxd4 5. Qxd4 Nc6 6. Bb5 Bd7 7. Bxc6 Bxc6 8. Bg5 e6 9. O-O-O h6 10. Bxf6 Qxf6 11. Qxf6 gxf6 12. Nd4 h5 13. f4 Bh6 14. g3 Ke7 15. Kb1 Rac8 16. Rhe1 Rhd8 17. Nd5+ Kf8 18. Nxf6 h4 19. Nxc6 Rxc6 20. Ng4 Bg7 21. f5 Ke7 22. Rf1 Bh8 23. gxh4 Rg8 24. h3 Rc4 25. f6+ Ke8 26. Rxd6 Rg6 27. e5 1-0


[Site "https://www.chess.com"]